Croesus, chaotic female elven Ranger ------------------ ---------................--------- -------....................%...........------- ------...........................*................------ ----..........@................C....%.....................---- ---.........?.........................:........................--- ---............................................e.%.>...............--- ---....................................................................--- |....................................).S...............^.................| |................................(.%.%............@.:....................| |..................k...@.....(...)..O%c`.................................| ---.................@...............E%.%.p...............'.............--- ---.."..........@........................../.................%.....--- ---............@......).........aa........^....................--- ----...................(...a..a@..........................---- ------!...........................................------ -------................................------- ---------.............%..--------- ------------------ Croesus the Reconnoiteress Experience level: 10 Strength: 18 Dexterity: 15 Constitution: 16 Intelligence: 14 Wisdom: 17 Charisma: 7 Health: 0(75) Energy: 88(88) Def: 15 Gold: 426 Moves: 23224 Dungeon seed: CWp5Nb50lwPw5nm6 Game ID: Croesus_1604402360 Your Inventory: Amulets D - an uncursed amulet of reflection (being worn) Weapons a - 41 uncursed +0 thirsty arrows d - an uncursed +0 elven spear (alternate weapon; not wielded) e - an uncursed +1 elven bow (weapon in hand) M - 52 uncursed +2 elven arrows N - 3 uncursed +0 elven arrows X - 8 uncursed +0 orcish arrows Z - 77 uncursed +0 arrows (in quiver) Armor q - a blessed +0 small shield (being worn) v - an uncursed rotted +0 pair of leather gloves (being worn) z - an uncursed +0 Hawaiian shirt (being worn) A - an uncursed very rusty +1 pair of iron shoes (being worn) G - an uncursed rusty +0 helmet (being worn) I - an uncursed +0 dwarvish mithril-coat (being worn) Y - an uncursed +0 cloak of protection (being worn) Comestibles f - 4 uncursed lembas wafers p - 3 uncursed tripe rations K - an uncursed mango L - an uncursed cram ration Scrolls F - 3 uncursed scrolls of teleportation Potions P - an uncursed potion of restore ability Rings b - an uncursed ring of warning j - an uncursed ring of protection from shape changers R - an uncursed ring of regeneration (on left hand) Wands c - an uncursed wand of fire (0:4) l - an uncursed wand of light (0:7) m - an uncursed wand of teleportation (0:6) o - a cursed wand of striking (0:7) r - an uncursed wand of striking (0:8) s - an uncursed wand of speed monster (0:4) J - an uncursed wand of teleportation (0:7) O - an uncursed wand of striking (0:0) U - an uncursed wand of digging (0:4) W - an uncursed wand of speed monster (0:0) Tools k - an uncursed skeleton key u - an uncursed +0 unicorn horn w - an uncursed magic whistle x - an uncursed +0 pick-axe T - an uncursed towel Gems n - an uncursed agate stone t - an uncursed luckstone Coins $ - 426 gold pieces Spells and supernatural/magical abilities: Name Level Category Cost Memory e - charm monster 3 enchantment 3000pw 71% h - healing 1 healing 1000pw 99% l - light 1 divination 1000pw 80% n - detect monsters 1 divination 1000pw 71% p - protection 1 clerical 1000pw 99% s - slow monster 2 enchantment 2000pw 66% x - extra healing 3 healing 3000pw 97% y - astral eyesight 7 divination 7000pw 83% F - finger of death 7 attack 7000pw 98% H - speed monster 3 escape 3000pw 67% I - identify 2 divination 2000pw 98% L - levitation 4 escape 4000pw 99% R - restore ability 4 healing 4000pw 87% T - turn undead 6 clerical 6000pw 97% W - pray for help -- divine ? -- Your skills at the end: Fighting Skills wands [Basic] Weapon Skills dagger [Basic] spear [Skilled] bow [Expert] Spellcasting Skills Final Attributes: You were piously aligned. You were immune to sleep. You were poison resistant. You saw invisible. You were telepathic. You had automatic searching. You had infravision. You were stealthy. You regenerated. You were protected. You had reflection. You were lucky. You had extra luck. Bad luck did not time out for you. Good luck did not time out for you. Mars was noncommittal. You are dead. Vanquished creatures: a silver dragon a baluchitherium a ghost 2 giant mimics a water elemental a barbed devil a warg 4 small mimics a glass piercer a warhorse a xan a troll a wood golem a shark a gelatinous cube a pyrolisk 3 freezing spheres 2 shocking spheres 2 large cats 3 tengu 3 elf mummies a human mummy a python 3 soldiers 2 incubi 2 chameleons a crocodile 6 giant beetles 6 quivering blobs 2 cockatrices a winter wolf cub a lynx 2 panthers 3 leprechauns 4 iron piercers 5 giant spiders 2 horses an ice vortex a black light 3 vampire bats a forest centaur 6 gnome kings 3 orc mummies 3 dwarf mummies an ogre 6 brown puddings a rust monster 2 owlbears 3 gold golems a lizard 3 chickatrices a dog a housecat 2 jaguars 2 dwarf lords 3 blue jellies a white unicorn 3 gray unicorns a dust vortex 3 ravens a plains centaur 3 gnome mummies 4 snakes 11 human zombies a Woodland-elf 10 soldier ants 3 fire ants 3 bugbears 2 quasits a wood nymph a mountain nymph 19 Mordor orcs 13 orc shamans 7 rock piercers 6 rock moles 6 ponies 3 yellow lights 4 shriekers 4 violet fungi 18 gnome lords 7 gnomish wizards 2 kobold mummies a golden naga hatchling 4 gray oozes a barrow wight 10 elf zombies a baby crocodile 14 giant ants 7 little dogs 3 floating eyes 3 kittens 16 dwarves 3 kobold lords 3 kobold shamans 41 hill orcs 14 rothes 7 rabid rats 4 centipedes 5 giant bats 13 orc zombies 7 dwarf zombies 4 werejackals 4 iguanas 3 killer bees 4 acid blobs 10 coyotes 7 hobbits 3 large kobolds 8 hobgoblins 6 giant rats 11 cave spiders 5 yellow molds 4 green molds 3 red molds 48 gnomes 2 garter snakes 10 gnome zombies 16 geckos 15 jackals 8 foxes a kobold 10 goblins 12 sewer rats 23 grid bugs 4 bats 8 lichens 3 kobold zombies 9 newts 654 creatures vanquished. Voluntary challenges: You had been an atheist until turn 4449. You used a wielded weapon 364 times, starting on turn 512. You read items or engraved 249 times, starting on turn 2518. You never genocided any monsters. You never polymorphed an object. You never changed form. You used no wishes. You never split a pudding. You wrote Elbereth's name 5 times, starting on turn 9458. You violated your moral code, losing 84 points of alignment, starting on turn 14466. Dungeon overview: The Dungeons of Doom: levels 1 to 12 Level 1 a fountain, a sink, a vault a long staircase Level 2 some fountains, a vault Level 3 a general store, some fountains, a vault stairs to The Gnomish Mines Level 4 a fountain Level 5 an armor shop, some fountains Level 6 a fountain, a vault Level 7 Level 8 many fountains Level 9 an altar to Venus, a vault stairs to Sokoban Level 10 some fountains, a vault Level 11 Level 12 <- You were here The Gnomish Mines: levels 4 to 11 Level 4 stairs to The Dungeons of Doom Level 5 Level 6 many shops, a temple to Mercury, some fountains Level 7 Level 8 Level 9 Level 10 Level 11 many altars to Moloch, a fountain Sokoban: levels 5 to 8 Level 5 Solved Level 6 Solved Level 7 Solved Level 8 Solved stairs to The Dungeons of Doom History has recorded: On T:1 you entered the Dungeons of Doom to retrieve the Amulet of Yendor! On T:89 you reached level 2 of The Dungeons of Doom. On T:367 you reached level 3 of The Dungeons of Doom. On T:808 you reached level 4 of The Dungeons of Doom. On T:1016 you advanced to experience level 2. On T:1883 you reached level 5 of The Dungeons of Doom. On T:1951 you advanced to experience level 3. On T:2241 you advanced to experience level 4. On T:2512 you reached level 6 of The Dungeons of Doom. On T:2536 you reached level 7 of The Dungeons of Doom. On T:2701 you advanced to experience level 5. On T:3312 you reached level 8 of The Dungeons of Doom. On T:3616 you reached level 9 of The Dungeons of Doom. On T:3824 you advanced to experience level 6. On T:4180 you reached level 10 of The Dungeons of Doom. On T:4581 you reached level 4 of Sokoban. On T:4980 you advanced to experience level 7. On T:5103 you reached level 3 of Sokoban. On T:5417 you reached level 11 of The Dungeons of Doom. On T:5934 you advanced to experience level 8. On T:7392 you reached level 2 of Sokoban. On T:8050 you reached level 1 of Sokoban. On T:10532 you reached level 1 of The Gnomish Mines. On T:10550 you reached level 2 of The Gnomish Mines. On T:10637 you reached level 3 of The Gnomish Mines. On T:10680 you reached level 4 of The Gnomish Mines. On T:11028 you advanced to experience level 9. On T:13408 you reached level 5 of The Gnomish Mines. On T:14503 you reached level 6 of The Gnomish Mines. On T:14532 you reached level 7 of The Gnomish Mines. On T:17799 you reached level 8 of The Gnomish Mines. On T:22151 you advanced to experience level 10. On T:23056 you reached level 12 of The Dungeons of Doom. Score breakdown: Gold: 426 ( 8947 points) Experience: 10 levels (16712 points) Exploration: 12 levels ( 26.09%) (14832 points) Discoveries: 88 items ( 29.83%) (16385 points) Valuables value: (no points given unless you survive) Artifact value: 0 ( 0 points) Variety of kills: 128 monsters ( 33.68%) (17411 points) Turncount: 23224 turns (-3623 points) Survival: died (score multiplied by 80%) Total score: 56531 Latest messages: The soldier ant stings! The soldier ant just misses! The soldier ant stings! You write in the dust with your fingers. Vega swings his curved sword at the rabid rat. Vega hits the rabid rat. The rabid rat is killed! The soldier ant bites! The soldier ant stings! The soldier ant bites! The soldier ant misses. The cockatrice bites Sirius. The cockatrice touches Sirius. Sirius hits the cockatrice. Sirius turns to stone! The giant beetle is hit by a rock! The soldier ant misses. The soldier ant stings! The soldier ant's sting was poisoned! Elf, all your powers will be lost... You die... For some reason, you think that you can almost hear the Wizard laugh manically... Final status: Goodbye Croesus the Ranger, killed by a soldier ant... You died in The Dungeons of Doom on dungeon level 12 with 56531 points, and 426 pieces of gold, after 23224 moves. You were level 10 with a maximum of 75 hit points when you died.